 Dungeon Crawl Stone Soup version 0.31-a0-851-g7ff8af7976 (webtiles) character file.

Game seed: 7209436566382803824

9 Dirtsage the Chopper (level 2, 24/24 HPs)
             Began as a Demonspawn Berserker on Oct 5, 2023.
             Was a Follower of Trog.
             Quit the game on level 1 of the Dungeon.
             The game lasted 00:00:29 (205 turns).

Dirtsage the Chopper (Demonspawn Berserker)          Turns: 205, Time: 00:00:30

Health: 24/24      AC:  2    Str: 17    XL:     2   Next: 6%
Magic:  2/2        EV: 12    Int:  8    God:    Trog [*.....]
Gold:   27         SH:  0    Dex: 12    Spells: 1/1 levels left

rFire   . . .        a - +0 hand axe
rCold   . . .        (no shield)
rNeg    . . .        b - +0 animal skin
rPois   .            (no helmet)
rElec   .            (no cloak)
rCorr   .            (no gloves)
SInv    .            (no boots)
Will    .....        (no amulet)
Stlth   +            (no ring)
HPRegen 0.24/turn    (no ring)
MPRegen 0.08/turn

%: no passive effects
@: no status effects
A: demonic magic 1
a: Renounce Religion, Berserk


You were on level 1 of the Dungeon.
You worshipped Trog.
Trog was aware of your devotion.
You visited 1 branch of the dungeon, and saw 1 of its levels.

You collected 27 gold pieces.

Inventory:

Hand Weapons
 a - a +0 hand axe (weapon)
Armour
 b - a +0 animal skin (worn)


   Skills:
 - Level 3.0 Fighting
 + Level 3.3 Axes
 - Level 1.7 Armour
 - Level 1.7 Dodging


You had one spell level left.
You didn't know any spells.
Your spell library was empty.

Dungeon Overview and Level Annotations

Branches:
Dungeon (1/15)

Altars:


Innate Abilities, Weirdness & Mutations

Spells you cast may paralyse adjacent enemies.


Message History

You barely miss the bat. You hit the plant.
The plant begins to die.
A nearby plant withers and dies. x3; The bat hits you.
You take 1 damage, and have 17/18 hp.
The bat barely misses you. The bat misses you.
Health restored: 18 You miss the bat.
You hit the plant but do no damage. The bat hits you but does no damage.
You hit the bat.
The bat is moderately wounded.
You hit the plant.
A nearby plant withers and dies.
The bat closely misses you. The bat misses you.
You slash the bat!
You kill the bat!
Trog accepts your kill.
You hit the kobold.
A nearby plant withers and dies.
The frilled lizard bites the plant.
The plant begins to die.
The kobold barely misses you.
You have reached level 2!
Your demonic ancestry asserts itself...
A menacing aura infuses your magic.
Health restored: 24; MP restored: 2 You closely miss the kobold.
The kobold is moderately wounded.
The kobold hits you with a +0 dagger.
You take 3 damage, and have 21/24 hp.
You hit the kobold.
You kill the kobold!
Trog accepts your kill.
You see here a bat corpse.
You slash the frilled lizard!
You kill the frilled lizard!
Trog accepts your kill.
A nearby plant withers and dies.
No target in view!
No target in view!
You now have 27 gold pieces (gained 14).
A goblin comes into view. It is wielding a +0 club.
The goblin shouts!
Health restored: 24 Are you sure you want to abandon this character and quit the game? (Confirm with "yes".)

. ~≈♣ P. .. .. #
.PP~≈♣~♣PP#.# .g... #
#P~P~~~♣PP~P##....# #
.P.PP~~♣~~~!~~...# #
#..PPPP♣~~~PP~..# # #
#.. .PPP~♣~~P~.#.# #
##.###PP~P~~~~... #
#.....@.~†~P~P# #
#....^.#.†~~~P# ####
#..#......)..## #...
#......#####.# ###.##
#.#.#..#####.#####.....
#....#..........##.#.##
###.#.###.##..#.##.#.##
#. # # #..#.##.#... ##
#.......#.#.


You could see a goblin.

Vanquished Creatures
  A dart slug (D:1)
  A goblin (D:1)
  A hobgoblin (D:1)
  2 bats (D:1)
  A frilled lizard (D:1)
  A kobold (D:1)
  2 rats (D:1)
9 creatures vanquished.

Notes
Turn   | Place    | Note
-------+----------+-------------------------------------------
     0 | D:1      | Dirtsage the Demonspawn Berserker began the quest for the
                  | Orb.
     0 | D:1      | Reached XP level 1. HP: 18/18 MP: 1/1
   185 | D:1      | Gained mutation: Spells you cast may paralyse adjacent
                  | enemies. [demonic ancestry]
   185 | D:1      | Reached XP level 2. HP: 24/24 MP: 2/2
   205 | D:1      | Quit the game

Illustrated notes

Levels and vault maps discovered:
D:1:      ebering_trefoil_twist, layout_loops_cross,
          dreamdust_ecumenical_altar_grove, serial_bayou_lagoon_a

Skill      XL: |  1 |
---------------+----+-----
Axes           | 3 |  3.3
Fighting       | |  3.0
Armour         | |  1.7
Dodging        | |  1.7

Action                     || total
---------------------------++-------
  Melee: Hand axe          ||    19
         Punch             ||     1
 Invoke: Berserk           ||     1
 Armour: Animal skin       ||    14
  Dodge: Dodged            ||    13

Table legend: (Time is in decaauts)
 A = Elapsed time spent in this place.
 B = Non-inter-level travel time spent in this place.
 C = Inter-level travel time spent in this place.
 D = Time resting spent in this place.
 E = Time spent auto-exploring this place.
 F = Levels seen in this place.
 G = Mean time per level.
                   A        B        C        D        E       F      G
               +--------+--------+--------+--------+--------+-----+--------+
         Total |    222 |    222 |      0 |     51 |    121 |   1 |  222.0 |
       Dungeon |    222 |    222 |      0 |     51 |    121 |   1 |  222.0 |
               +--------+--------+--------+--------+--------+-----+--------+

Top non-repeatable levels by time:
     D:1: 222 daAuts
